 Dungeon Crawl Stone Soup version 0.21-a0-150-gc243083 (webtiles) character file.

482 drasked the Ruffian (level 6, -2/62 HPs)
             Began as a Troll Monk on July 27, 2017.
             Slain by a gnoll
             ... wielding a +0 halberd
              (12 damage)
             ... on level 4 of the Dungeon.
             The game lasted 00:07:31 (3008 turns).

drasked the Ruffian (Troll Monk)                    Turns: 3008, Time: 00:07:33

Health: -2/62      AC:  5    Str: 22    XL:     6   Next: 87%
Magic:  5/5        EV: 11    Int:  6    God:
Gold:   142        SH:  0    Dex: 12    Spells: 5/5 levels left

rFire    . . .     SeeInvis .     - Unarmed
rCold    . . .     Gourm    +   (no shield)
rNeg     . . .     Faith    .   a - +0 robe
rPois    .         Spirit   .   (helmet restricted)
rElec    .         Reflect  .   (no cloak)
rCorr    .         Harm     .   (gloves unavailable)
MR       .....                  (boots unavailable)
Stlth    ++........             (no amulet)
HPRegen  0.60/turn              (no ring)
MPRegen  0.09/turn              (no ring)

@: no status effects
A: unfitting armour, claws 3, fast metabolism 3, gourmand, regeneration 1,
shaggy fur 1, tough skin 2
a: no special abilities


You were on level 4 of the Dungeon.
You were very full.

You visited 2 branches of the dungeon, and saw 5 of its levels.

You collected 142 gold pieces.

Inventory:

Armour
 a - a +0 robe (worn)
Jewellery
 m - an uncursed ring of magical power {unknown}
   (You found it on level 3 of the Dungeon)
Scrolls
 d - 2 scrolls of identify {unknown}
 e - a scroll of remove curse {unknown}
 n - a scroll of fog {unknown}
 p - a scroll of enchant weapon {unknown}
 q - a scroll of teleportation {unknown}
Potions
 c - a potion of degeneration {unknown}
 f - a potion of magic {unknown}
 g - 2 potions of agility {unknown}
 i - a potion of heal wounds {unknown}
 j - 2 potions of haste {unknown}
 k - a potion of might {unknown}
 l - a potion of brilliance {unknown}
 o - a potion of curing {unknown}
Comestibles
 b - 2 bread rations {@e1}
 h - a royal jelly


   Skills:
 + Level 4.0 Fighting
 + Level 3.7 Dodging
 - Level 1.0 Stealth
 * Level 5.8 Unarmed Combat


You had 5 spell levels left.
You didn't know any spells.

Dungeon Overview and Level Annotations

Branches:
Dungeon (4/15)             Temple (1/1) D:4

Altars:
Ashenzari
Cheibriados
Elyvilon
Fedhas
Gozag
Hepliaklqana
Makhleb
Nemelex Xobeh
Okawaru
Qazlal
Ru
Sif Muna
Trog
Uskayaw
Vehumet
Wu Jian
Xom
Yredelemnul
Zin

Shops:
D:4 (


Innate Abilities, Weirdness & Mutations

You are too large for most types of armour.
You have claws for hands.
Your metabolism is lightning-fast.
You like to eat raw meat.
Your natural rate of healing is unusually fast.
You are covered in fur. (AC +1)
You have very tough skin. (AC +2)


Message History

The orc shouts!
You claw the orc!
You kill the orc!
No target in view!
No target in view!
No target in view!
You now have 124 gold pieces (gained 7).
Things that are here:
an enchanted flail; a chain mail Health restored: 62 Eating a chunk of flesh {@w0}.
You eat the chunk of flesh {@w0}.
This raw flesh tastes great.
p - a scroll labeled XOTZAU CO OBU You now have 142 gold pieces (gained 18).
A frilled lizard comes into view.
A frilled lizard is nearby!
A frilled lizard is nearby!
A frilled lizard is nearby!
A frilled lizard is nearby!
An ogre comes into view. It is wielding a giant club.
The ogre shouts!
The frilled lizard hisses angrily.
You barely miss the frilled lizard. The frilled lizard barely misses you.
You barely miss the frilled lizard. You barely miss the ogre.
The frilled lizard bites you but does no damage.
The ogre hits you with a giant club!
You take 14 damage, and have 48/62 hp.
MASSIVE DAMAGE!!
You claw the ogre! The frilled lizard bites you.
You take 1 damage, and have 47/62 hp.
You claw the ogre! The ogre hits you with a giant club!!
The frilled lizard bites you but does no damage.
You take 18 damage, and have 29/62 hp.
MASSIVE DAMAGE!!
You claw the ogre!
You kill the ogre!
The frilled lizard closely misses you.
You claw the frilled lizard!
You kill the frilled lizard!
Your Fighting skill increases to level 4!
Found Dulib's Weapon Shop.
You start resting.
There is an entrance to Dulib's Weapon Shop here.
Health restored: 62
There are no items here.
q - a scroll labeled CUEV NENISUE 2 gnolls come into view.
A gnoll is wielding a flail of crushing.
What are your orders? t - Shout!
Orders for allies: a - Attack new target. r - Retreat! s - Stop attacking. g - Guard the area. f - Follow me.
Anything else - Cancel.
You shout for attention!
You hear a shout! x3
A gnoll comes into view. It is wielding a halberd.
You scratch the gnoll but do no damage. You claw the gnoll!
The gnoll closely misses you.
The gnoll hits you from afar with a halberd!
You take 7 damage, and have 55/62 hp.
You closely miss the gnoll. The gnoll closely misses you.
The gnoll hits you from afar with a halberd!
You take 14 damage, and have 41/62 hp.
MASSIVE DAMAGE!!
You scratch the gnoll but do no damage.
The gnoll hits you with a flail of crushing.
You take 6 damage, and have 35/62 hp.
You closely miss the gnoll. The gnoll closely misses you.
A gnoll comes into view. It is wielding an enchanted whip.
You closely miss the gnoll.
The gnoll hits you with a flail of crushing.
You take 7 damage, and have 29/62 hp.
You claw the gnoll!
You kill the gnoll!
The gnoll misses you. The gnoll closely misses you.
You see here a flail of crushing.
You barely miss the gnoll. The gnoll hits you but does no damage.
The gnoll hits you from afar with a halberd.
You take 6 damage, and have 25/62 hp.
You claw the gnoll! You scratch the gnoll but do no damage.
The gnoll closely misses you. x2
You scratch the gnoll but do no damage. The gnoll hits you with a halberd.
The gnoll hits you from afar with a halberd!
* * * LOW HITPOINT WARNING * * *
You take 14 damage, and have 12/62 hp.
MASSIVE DAMAGE!!
You barely miss the gnoll. The gnoll hits you with a halberd.
* * * LOW HITPOINT WARNING * * *
You take 4 damage, and have 8/62 hp.
You completely miss the gnoll. The gnoll misses you.
You claw the gnoll!
You kill the gnoll!
The gnoll barely misses you.
You barely miss the gnoll. The gnoll closely misses you.
The gnoll hits you with an enchanted whip.
* * * LOW HITPOINT WARNING * * *
You scratch the gnoll. The gnoll barely misses you.
You scratch the gnoll.
The gnoll hits you from afar with a halberd!
You die...

### ## ###.## ###.###
#....# ....... ###..####
....... ###.....#####
.......
#.......@gg.####.......
##....#####.....(.g.....
#......## #####.........
##......# ###.......
##......## #......
#........###### ......
#.....∩........ .....
#.........#### .....
#..........# ....


You could see 2 gnolls.

Vanquished Creatures
  An ogre (D:4)
  A howler monkey (D:4)
  2 orc priests
  3 orc wizards
  A killer bee zombie (D:4)
  5 gnolls
  7 adders
  An ooze (D:3)
  2 worms (D:2)
  2 dart slugs
  A leopard gecko (D:1)
  12 orcs
  2 bats
  7 hobgoblins
  11 kobolds
  A quokka (D:2)
  2 ball pythons (D:2)
  4 frilled lizards
  6 goblins
  7 rats
78 creatures vanquished.

Notes
Turn   | Place    | Note
-------+----------+-------------------------------------------
     0 | D:1      | drasked the Troll Monk began the quest for the Orb.
     0 | D:1      | Reached XP level 1. HP: 22/22 MP: 0/0
   230 | D:1      | Reached XP level 2. HP: 29/29 MP: 1/1
   904 | D:2      | Reached XP level 3. HP: 36/36 MP: 2/2
  1097 | D:2      | Reached skill level 4 in Unarmed Combat
  1109 | D:2      | Reached skill level 3 in Fighting
  1109 | D:2      | Reached XP level 4. HP: 34/45 MP: 3/3
  1576 | D:3      | Reached skill level 3 in Dodging
  1587 | D:3      | Reached XP level 5. HP: 47/53 MP: 4/4
  1938 | D:3      | HP: 12/53 [poisoned by an orc wizard]
  1943 | D:3      | HP: 8/53 [poisoned by an orc wizard]
  1948 | D:3      | HP: 6/53 [poisoned by an orc wizard]
  1954 | D:3      | HP: 5/53 [poisoned by an orc wizard]
  1961 | D:3      | HP: 6/53 [poisoned by an orc wizard]
  1968 | D:3      | HP: 8/53 [poisoned by an orc wizard]
  1976 | D:3      | HP: 11/53 [poisoned by an orc wizard]
  2080 | D:3      | Found a snail-covered altar of Cheibriados.
  2097 | D:3      | Reached skill level 5 in Unarmed Combat
  2505 | D:4      | Reached XP level 6. HP: 26/61 MP: 5/5
  2590 | D:4      | Found a staircase to the Ecumenical Temple.
  2596 | Temple   | Entered the Ecumenical Temple
  2877 | D:4      | Reached skill level 4 in Fighting
  2878 | D:4      | Found Dulib's Weapon Shop.
  3002 | D:4      | HP: 12/62 [gnoll/halberd (11)]
  3008 | D:4      | Slain by a gnoll

Vault maps used:
D:1:      minmay_arrival_widening_spiral_narrow
D:3:      old_standard_altar
D:4:      temple_green, serial_shops, shop, first_bread, bh_walls_and_bars
Temple:   compressed_dpeg_circular_temple

Skill      XL: |  1  2  3  4  5  6 |
---------------+-------------------+-----
Unarmed Combat | 4 5 |  5.8
Fighting       | 3 4 |  4.0
Dodging        | 3 |  3.7
Stealth        | |  1.0

Action                   |  1- 3 |  4- 6 || total
-------------------------+-------+-------++-------
Melee: Unarmed           |    76 |   142 ||   218
       Punch             |       |     4 ||     4
 Stab: Sleeping          |     5 |     2 ||     7
  Eat: Chunk             |    13 |    19 ||    32
Armor: Robe              |    17 |    27 ||    44
Dodge: Dodged            |    26 |    61 ||    87

Vault maps used:
D:1:      minmay_arrival_widening_spiral_narrow
D:3:      old_standard_altar
D:4:      temple_green, serial_shops, shop, first_bread, bh_walls_and_bars
Temple:   compressed_dpeg_circular_temple

Table legend:
 A = Turns spent in this place as a percentage of turns spent in the entire game.
 B = Non-inter-level travel turns spent in this place as a percentage of non-inter-level travel turns spent in the entire game.
 C = Inter-level travel turns spent in this place as a percentage of turns spent in this place.
 D = Turns resting spent in this place as a percentage of non-inter-level travel turns spent in this place.
 E = Turns spent auto-exploring this place as a percentage of non-inter-level travel turns spent in this place.
 F = Non-inter-level travel turns spent in this place divided by the number of levels of this place that you've seen.
                   A       B       C       D       E      F
               +-------+-------+-------+-------+-------+----------------------
         Total | 100.0 | 100.0 |   0.5 |   1.6 |   9.2 | 221.8
       Dungeon |  97.0 |  97.1 |   0.5 |   1.7 |   8.1 | 269.2
        Temple |   3.0 |   2.9 |   3.0 |   0.0 |  46.9 |  32.0
               +-------+-------+-------+-------+-------+----------------------

Table legend:
 A = Kills in this place as a percentage of kills in entire the game.
 B = Kills by you in this place as a percentage of kills by you in the entire game.
 C = Kills by friends in this place as a percentage of kills by friends in the entire game.
 D = Other kills in this place as a percentage of other kills in the entire game.
 E = Experience gained in this place as a percentage of experience gained in the entire game.
 F = Experience gained in this place divided by the number of levels of this place that you have seen.
                   A       B       C       D       E      F
               +-------+-------+-------+-------+-------+----------------------
         Total | 100.0 | 100.0 |  -nan |  -nan | 100.0 | 137.8
       Dungeon | 100.0 | 100.0 |  -nan |  -nan | 100.0 | 172.2
               +-------+-------+-------+-------+-------+----------------------
